AoeStats
← Python 1.4.21

Black Forest

508223547Analyzed
4v4 RM · 11d ago on Sep 21, 2026· 27m 18s· 8 players
Game mode
Random Map
Map size
Large (8 player)
Population
200
Speed
Normal
Resources
Standard
Victory
Conquest
Starting age
Dark Age
Ending age
Imperial Age
RankedLock teamsTeams togetherTeam positionsShared explorationLock speedFull tech treeHidden civsTurbo modeCheats
Victory
Defeat
🇹🇼 Japanese · Taiwan
1711
+10
🇹🇼 Franks · Taiwan
1643
+12
🇹🇼 Slavs · Taiwan
1606
+14
🇹🇼 Maya · Taiwan
1552
+15
🇯🇵 Ethiopians · Japan
1587
-14
🇩🇪 Burgundians · Germany
1583
-14
🇮🇳 Sicilians · India
1559
-13
🇨🇳 Koreans · China
1496
-10
Rocky_Nevermore
0:48 Loom
10:46 Feudal Age
12:13 Horse Collar
14:27 Double-Bit Axe
18:05 Fletching
19:03 Wheelbarrow
23:07 Castle Age
JIJINz
10:47 Feudal Age
14:48 Castle Age
12:34 Horse Collar
14:29 Double-Bit Axe
15:36 Heavy Plow
15:47 Bow Saw
20:20 Wheelbarrow
24:09 Sanctity
29:47 Imperial Age
Poggle-der-Fisch
0:47 Loom
19:13 Feudal Age
18:17 Double-Bit Axe
19:22 Horse Collar
20:17 Heavy Plow
20:32 Bow Saw
22:46 Town Watch
23:38 Wheelbarrow
27:54 Castle Age
2067
10:04 Feudal Age
14:31 Castle Age
12:27 Double-Bit Axe
12:53 Horse Collar
15:46 Bow Saw
22:31 Wheelbarrow
23:46 Heavy Plow
26:03 Hand Cart
Python 1.4.21
0:27 Loom
12:58 Feudal Age
16:50 Double-Bit Axe
23:22 Castle Age
21:53 Horse Collar
24:36 Wheelbarrow
24:04 Town Watch
25:00 Bow Saw
24:52 Heavy Plow
liang0312
1:06 Loom
19:53 Feudal Age
23:37 Castle Age
21:39 Double-Bit Axe
22:02 Horse Collar
25:00 Bow Saw
星空夜羽
0:45 Loom
11:22 Feudal Age
14:51 Castle Age
13:06 Double-Bit Axe
16:42 Scale Barding Armor
TATTOO
0:27 Loom
10:40 Feudal Age
18:12 Double-Bit Axe
22:01 Castle Age
19:53 Horse Collar
23:03 Bow Saw
23:31 Heavy Plow
Connection lost

Rejoining the realm…

Still unreachable

The connection could not be restored.

Session expired

The server has moved on; the page needs a fresh start.